 Dungeon Crawl Stone Soup version 0.19.1-1-g22dce08 (webtiles) character file.

215 Kiturien the Shield-Bearer (level 5, -1/36 HPs)
             Began as an Octopode Fighter on Jan 18, 2017.
             Slain by a kobold
             ... wielding a +0 short sword
              (3 damage)
             ... on level 3 of the Dungeon.
             The game lasted 00:06:34 (2144 turns).

Kiturien the Shield-Bearer (Octopode Fighter)       Turns: 2144, Time: 00:06:35

Health: -1/36      AC:  1    Str: 15    XL:     5   Next: 92%
Magic:  5/5        EV: 12    Int: 11    God:
Gold:   153        SH: 12    Dex: 12    Spells: 2 memorised, 0 levels left

rFire  + . .     SeeInvis .     a - +0 rapier
rCold  . . .     Gourm    .     b - +0 shield
rNeg   . . .     Faith    .     (helmet restricted)
rPois  .         Spirit   .     n - +3 amulet of reflection
rElec  .         Reflect  +     r - ring of protection from fire
rCorr  .         Harm     .     (no ring)
MR     .....                    (no ring)
Stlth  +++.......               (no ring)
                                (no ring)
                                (no ring)
                                (no ring)
                                (no ring)

@: no status effects
A: almost no armour, stealthy swim, amphibious, 8 rings, constrict 8, camouflage
1, gelatinous body 1
a: no special abilities


You were on level 3 of the Dungeon.
You were not hungry.

You visited 1 branch of the dungeon, and saw 3 of its levels.

You collected 153 gold pieces.

Inventory:

Hand Weapons
 a - a +0 rapier (weapon)
Armour
 b - a +0 shield (worn)
Jewellery
 n - a +3 amulet of reflection (around mantle)
 r - a ring of protection from fire (left tentacle)
Wands
 p - a wand of polymorph (11/24)
Scrolls
 e - a scroll of identify
 f - a scroll of fear {unknown}
 h - 2 scrolls of noise {unknown}
 i - a scroll of teleportation {unknown}
 j - 3 scrolls of remove curse
 l - a scroll of enchant weapon {unknown}
 m - 3 scrolls of immolation {unknown}
 q - a scroll of recharging {unknown}
Potions
 c - a potion of might
 k - a potion of agility
 o - 3 potions of curing
Books
 s - a book of Misfortune

   Spells                             Type                      Level
   a - Confusing Touch                Hexes                        1
   b - Confuse                        Hexes                        3
   c - Gell's Gravitas                Hexes/Translocation          3
   d - Petrify                        Transmutation/Earth          4
   e - Metabolic Englaciation         Hexes/Ice                    5
   f - Yara's Violent Unravelling     Hexes/Transmutation          5
Comestibles
 d - 3 bread rations
 g - a slice of pizza
 t - a royal jelly


   Skills:
 + Level 3.3 Fighting
 + Level 3.9 Short Blades
 + Level 3.6 Dodging
 + Level 2.7 Stealth
 + Level 4.1 Shields
 * Level 0.2 Hexes


You couldn't memorise any spells.
You knew the following spells:

 Your Spells              Type           Power        Failure   Level  Hunger
a - Confusing Touch       Hex            #.....       97%         1    ##.....
b - Confuse               Hex            #.......     100%        3    ####...


Dungeon Overview and Level Annotations

Branches:
Dungeon (3/15)

Altars:
Uskayaw


Innate Abilities, Weirdness & Mutations

You cannot wear most types of armour.
You are very stealthy in the water. (Stealth+)
You are amphibious.
You can wear up to eight rings at the same time.
You can use your tentacles to constrict eight enemies at once.
Your skin changes colour to match your surroundings (Stealth+).
Your rubbery body absorbs attacks. (AC +1, EV +1)


Message History

The kobold hits you with a short sword. You block the orc's attack.
The orc wizard barely misses you. You block the kobold's attack.
The orc hits you but does no damage.
You puncture the orc wizard! You squeeze the orc wizard.
The orc wizard is severely wounded.
You constrict the orc wizard. You block the orc's attack.
The orc wizard hits you but does no damage.
You block the kobold's attack. You block the orc's attack.
You hit the orc wizard.
You kill the orc wizard!
You block the orc's attack. The orc hits you with a flail!
The kobold hits you with a short sword.
* * * LOW HITPOINT WARNING * * *
The orc barely misses you.
You hit the orc. You grab the orc. Your squeeze misses the orc.
The orc is lightly wounded.
You constrict the orc. The orc hits you with a mace!
* * * LOW HITPOINT WARNING * * *
You block the orc's attack. The kobold hits you with a short sword.
You die...

..# #.# #...# #####..... #.# #.#
#...# #...#.....
#.#######.###...########...#.....
#.##......#.'..........'...'..)..
#.##)######.#....#######...#####'
#.##.# #.#.......# #.....# #.
#....# +#+#####...# #.....####'
###### ..?...o....# #.....#..). #
......)@...# #.....#.... #
......Koo..# #.....#.... #
!....%...#####.....#.... #
.........# #.......)..÷ #
.........# #......#.<†. #
.........# #......#.... #
...####### #......#....
############ #......#....
..........# #....###....


You could see 3 orcs and a kobold.

Vanquished Creatures
  Jessica (D:3)
  An orc wizard (D:3)
  Robin (D:2)
  8 gnolls (D:3)
  An ooze (D:2)
  A worm (D:3)
  4 dart slugs
  2 leopard geckos (D:2)
  2 orcs (D:3)
  3 giant cockroaches
  14 goblins
  7 hobgoblins
  2 jackals (D:1)
  A quokka (D:2)
  2 bats
  A frilled lizard (D:3)
  4 kobolds
  6 rats
61 creatures vanquished.

Notes
Turn   | Place    | Note
-------+----------+-------------------------------------------
     0 | D:1      | Kiturien the Octopode Fighter began the quest for the Orb.
     0 | D:1      | Reached XP level 1. HP: 16/16 MP: 1/1
   237 | D:1      | Reached XP level 2. HP: 21/21 MP: 2/2
   644 | D:2      | Reached XP level 3. HP: 26/26 MP: 3/3
   742 | D:2      | Noticed Robin
   799 | D:2      | Killed Robin
   988 | D:2      | Reached XP level 4. HP: 28/31 MP: 4/4
  1055 | D:2      | Reached skill level 1 in Stealth
  1239 | D:2      | Found a hide-covered altar of Uskayaw.
  1454 | D:3      | Noticed Jessica
  1459 | D:3      | Killed Jessica
  1661 | D:3      | Reached XP level 5. HP: 10/36 MP: 5/5
  1940 | D:3      | Reached skill level 4 in Shields
  1962 | D:3      | Learned a level 1 spell: Confusing Touch
  1966 | D:3      | Learned a level 3 spell: Confuse
  2144 | D:3      | Slain by a kobold

Skill      XL: |  1  2  3  4  5 |
---------------+----------------+-----
Stealth        | 2 |  2.7
Short Blades   | 3 |  3.9
Shields        | 4 |  4.1
Fighting       | |  3.3
Dodging        | |  3.6
Hexes          | |  0.2

Action                   |  1- 3 |  4- 6 || total
-------------------------+-------+-------++-------
Melee: Rapier            |    68 |    54 ||   122
       Constrict         |    22 |    15 ||    37
       Tentacles         |     8 |    16 ||    24
  Use: Potion            |     1 |       ||     1
       Scroll            |     2 |       ||     2
 Stab: Sleeping          |     5 |     3 ||     8
  Eat: Bread ration      |       |     1 ||     1
Armor: Skin              |     5 |     2 ||     7
Dodge: Dodged            |    25 |    23 ||    48
Block: Shield            |    24 |    35 ||    59
       Reflection        |       |     2 ||     2
